Cogmind - Beta 12 @@@ ROGUE MODE // 2023.05.20 @ 23:13:10 Player: Mr Goldstein Result: Destroyed by Z-Imprinter with Zionite Laser-M Performance ------------- Evolutions (3) 1500 Regions Visited (10) 2000 Robots Destroyed (6) 30 Value Destroyed (53) 53 Prototype IDs (26) 520 Alien Tech Used (0) 0 Bonus (337) 337 TOTAL SCORE: 4440 Bonus ------- Follower Combat Kills 37 Aligned with FarCom 300 Cogmind --------- Core Integrity 0/700 Matter 285/300 Energy 84/100 System Corruption 0% Temperature Cool (9) Movement Flying (35) Location -7/Deep Caves Parts ------- > --- POWER (2) -------- (None) > --- PROPULSION (2) --- Cooled VTOL Module > --- UTILITY (7) ------ Zionite Weapon Casing > --- WEAPON (2) ------- (None) > --- INVENTORY (5) ---- Small Storage Unit Shock Trap Shock Trap Shock Trap Shock Trap Peak State ------------ > --- POWER ------------ (None) > --- PROPULSION ------- Flight Unit Cooled VTOL Module > --- UTILITY ---------- System Shield Skeleton Box > --- WEAPON ----------- Powered Hammer > --- INVENTORY -------- Flight Unit Shock Trap Shock Trap Shock Trap Shock Trap [Rating: 19] Favorites ----------- Power None Propulsion Flight Unit Flight Unit Flight Unit Utility Skeleton Box Device Skeleton Box Storage Small Storage Unit Hackware System Shield Protection Zionite Weapon Casing Weapon Powered Hammer Launcher Rocket Launcher Impact Weapon Powered Hammer Build | -11 -10 -10 -10 -9 -8 -7 -7 -7 -7 -7 ------- Run | Jun Mat Min Exi Min Mat Fac Low Low Zio Dee Slots Evolved 6 | . . . . . 4 2 . . . . Power 1 | . . . . . 1 . . . . . Propulsion . | . . . . . . . . . . . Utility 5 | . . . . . 3 2 . . . . Weapon . | . . . . . . . . . . . Parts Attached 17 | . . 1 . 5 2 2 3 . 2 2 Power . | . . . . . . . . . . . Engine . | . . . . . . . . . . . Core . | . . . . . . . . . . . Reactor . | . . . . . . . . . . . Propulsion 6 | . . 1 . 2 . 1 1 . 1 . Treads . | . . . . . . . . . . . Leg . | . . . . . . . . . . . Wheel . | . . . . . . . . . . . Hover . | . . . . . . . . . . . Flight 6 | . . 1 . 2 . 1 1 . 1 . Utility 6 | . . . . 2 . 1 1 . . 2 Device 2 | . . . . 2 . . . . . . Storage 1 | . . . . . . . 1 . . . Processor . | . . . . . . . . . . . Hackware 1 | . . . . . . 1 . . . . Protection 2 | . . . . . . . . . . 2 Artifact . | . . . . . . . . . . . Weapon 5 | . . . . 1 2 . 1 . 1 . Energy Gun . | . . . . . . . . . . . Energy Cannon . | . . . . . . . . . . . Ballistic Gun . | . . . . . . . . . . . Ballistic Cannon . | . . . . . . . . . . . Launcher 1 | . . . . 1 . . . . . . Special Weapon . | . . . . . . . . . . . Impact Weapon 4 | . . . . . 2 . 1 . 1 . Slashing Weapon . | . . . . . . . . . . . Piercing Weapon . | . . . . . . . . . . . Special Melee Weapon . | . . . . . . . . . . . Unidentified Prototypes 3 | . . . . . . 1 . . . 2 Parts Lost 7 | . . . . . . 1 3 . . 3 Power . | . . . . . . . . . . . Propulsion 3 | . . . . . . 1 1 . . 1 Utility 3 | . . . . . . . 2 . . 1 Weapon 1 | . . . . . . . . . . 1 Highest Loss Streak 3 | . . . . . . 1 3 . . 3 To Critical Strikes . | . . . . . . . . . . . Average Slot Usage (%) 23 | . . 7 14 41 36 37 21 15 18 21 Flight 13 | . . 7 14 24 18 15 10 7 10 13 Device 2 | . . . . 6 9 7 3 . . . Storage 1 | . . . . . . . 3 7 2 . Launcher 1 | . . . . 11 . . . . . . Impact Weapon 3 | . . . . . 8 7 . . 4 7 Naked Turns 78 | . 26 52 . . . . . . . . Heaviest Build 9 | . . . . 9 6 5 8 5 5 3 Greatest Support 13 | 3 3 4 4 8 8 9 9 5 13 13 Greatest Overweight (x) 1 | . . . . 1 . . 1 . . . Average Overweight (x) . | . . . . . . . . . . . Largest Inventory Capacity 8 | 5 5 5 5 5 5 5 8 8 8 5 Average Capacity 5 | 5 5 5 5 5 5 5 6 8 6 5 Most Carried 5 | . . 3 3 5 5 5 5 5 5 5 Average Carried 4 | . . 1 2 3 5 5 4 5 4 5 Final Capacity 8 | 5 5 5 5 5 5 5 8 8 5 5 Final Carried 5 | . . 2 3 5 5 5 4 5 5 5 Class Distribution -------------------- 100% | Mutant Dominant Class ---------------- Mutant | -10/Materials Mutant | -10/Mines Mutant | -10/Exiles Mutant | -9/Mines Mutant | -8/Materials Mutant | -7/Factory Mutant | -7/Lower Caves Mutant | -7/Lower Caves Mutant | -7/Zion Mutant | -7/Deep Caves Resources | -11 -10 -10 -10 -9 -8 -7 -7 -7 -7 -7 ----------- Run | Jun Mat Min Exi Min Mat Fac Low Low Zio Dee Matter Collected 348 | 200 . . . 12 27 . 79 . 30 . Remotely . | . . . . . . . . . . . Salvage Created 94 | . . . . 23 71 . . . . . Parts 5 | . . . . 5 . . . . . . Haulers Intercepted 1 | . . . . . 1 . . . . . Recyclers Shooed . | . . . . . . . . . . . Parts Field Recycled . | . . . . . . . . . . . Retrieved Matter . | . . . . . . . . . . . Parts Self-Destructed . | . . . . . . . . . . . Prevented 2 | . . . . . . . 2 . . . Kills | -11 -10 -10 -10 -9 -8 -7 -7 -7 -7 -7 ------- Run | Jun Mat Min Exi Min Mat Fac Low Low Zio Dee Combat Hostiles Destroyed 3 | . . . . 3 . . . . . . AOE 3 | . . . . 3 . . . . . . Classes Destroyed 4 | . . . . 1 3 . . . . . Builder 1 | . . . . . 1 . . . . . Hauler 1 | . . . . . 1 . . . . . Operator 1 | . . . . . 1 . . . . . Swarmer 3 | . . . . 3 . . . . . . Best Kill Streak 3 | . . . . 3 2 . . . . . Combat Bots Only 3 | . . . . 3 . . . . . . Max Kills in Single Turn 2 | . . . . 2 1 . . . . . Gunslinging . | . . . . . . . . . . . Exploded 2 | . . . . 2 . . . . . . Melee . | . . . . . . . . . . . Uniques/NPCs Destroyed . | . . . . . . . . . . . Combat | -11 -10 -10 -10 -9 -8 -7 -7 -7 -7 -7 -------- Run | Jun Mat Min Exi Min Mat Fac Low Low Zio Dee Damage Taken 1232 | . 22 29 . 40 30 164 149 140 . 658 Core 817 | . 22 29 . 24 14 83 80 99 . 466 Absorbed by Shields . | . . . . . . . . . . . Core Remaining (%) 89 | 100 . . . 70 97 . . . . . Volleys Fired 2 | . . . . 2 . . . . . . Largest 1 | . . . . 1 . . . . . . Hottest 33 | . . . . 33 . . . . . . Shots Fired 2 | . . . . 2 . . . . . . Gun . | . . . . . . . . . . . Cannon . | . . . . . . . . . . . Launcher 2 | . . . . 2 . . . . . . Special . | . . . . . . . . . . . Kinetic . | . . . . . . . . . . . Thermal . | . . . . . . . . . . . Explosive 2 | . . . . 2 . . . . . . Electromagnetic . | . . . . . . . . . . . Robot Hit Streak . | . . . . . . . . . . . Robot Miss Streak 1 | . . . . 1 . . . . . . Penetration Max . | . . . . . . . . . . . Secondary Targets . | . . . . . . . . . . . Shots Hit Robots 11 | . . . . . 4 . . . . 7 Core Hits 3 | . . . . 3 . . . . . . Critical Kills . | . . . . . . . . . . . Critical Parts Destroyed 3 | . . . . . 2 . . . . 1 Critical Strikes 3 | . . . . . 2 . . . . 1 Smash 3 | . . . . . 2 . . . . 1 Melee Attacks 29 | . . . . . 8 2 2 . 6 11 Impact 29 | . . . . . 8 2 2 . 6 11 Slashing . | . . . . . . . . . . . Piercing . | . . . . . . . . . . . Sneak Attacks 3 | . . . . . 3 . . . . . Combat Hostiles . | . . . . . . . . . . . Follow-up Attacks . | . . . . . . . . . . . Damage Inflicted 730 | . . . . 103 257 9 . . . 361 Guns . | . . . . . . . . . . . Cannons . | . . . . . . . . . . . Explosions 103 | . . . . 103 . . . . . . Melee 618 | . . . . . 257 . . . . 361 Ramming 9 | . . . . . . 9 . . . . Kinetic . | . . . . . . . . . . . Thermal . | . . . . . . . . . . . Explosive 103 | . . . . 103 . . . . . . Electromagnetic . | . . . . . . . . . . . Impact 618 | . . . . . 257 . . . . 361 Slashing . | . . . . . . . . . . . Piercing . | . . . . . . . . . . . Highest Corruption . | . . . . . . . . . . . Average Corruption . | . . . . . . . . . . . Corruption Purged . | . . . . . . . . . . . Corruption Blocked . | . . . . . . . . . . . Overload Shots . | . . . . . . . . . . . Overflow Damage 210 | . . . . . 158 . . . . 52 Projectiles . | . . . . . . . . . . . Explosions . | . . . . . . . . . . . Melee 210 | . . . . . 158 . . . . 52 Knockbacks 2 | . . . . . . . . . . 2 Impact 2 | . . . . . . . . . . 2 Kinetic . | . . . . . . . . . . . Secondary . | . . . . . . . . . . . Self-Inflicted Damage 23 | . . . . 19 . 4 . . . . Shots 1 | . . . . 1 . . . . . . Rammed 1 | . . . . . . 1 . . . . Targets Rammed 1 | . . . . . . 1 . . . . Kicked . | . . . . . . . . . . . Crushed . | . . . . . . . . . . . Highest Temperature 4 | . . . . . 4 . . . . . Average Temperature 4 | . . . . . 4 . . . . . Received Heat Transfer 333 | . 12 18 . . 27 60 36 . . 180 Siege Activations . | . . . . . . . . . . . Robots Corrupted . | . . . . . . . . . . . Combat Hostiles . | . . . . . . . . . . . Parts Fried 2 | . . . . . 2 . . . . . Impact Corruptions 12 | . . . . . 8 . . . . 4 Robots Melted . | . . . . . . . . . . . Combat Hostiles . | . . . . . . . . . . . Parts Melted . | . . . . . . . . . . . Heat Transferred . | . . . . . . . . . . . Parts Sabotaged . | . . . . . . . . . . . Parts Stolen . | . . . . . . . . . . . Parts Stripped . | . . . . . . . . . . . Power Chain Reactions . | . . . . . . . . . . . Missiles Intercepted . | . . . . . . . . . . . Alert | -11 -10 -10 -10 -9 -8 -7 -7 -7 -7 -7 ------- Run | Jun Mat Min Exi Min Mat Fac Low Low Zio Dee Peak Influence 205 | . . 45 . 131 205 183 . . . . Initial 93 | . . . . . 50 93 . . . . Average 83 | . . 17 . 103 103 120 . . . . Maximum Alert Level 1 | . . . . . 1 . . . . . Low Security (%) 99 | 100 100 100 . 100 98 100 . . . . Level 1 . | . . . . . 1 . . . . . Level 2 . | . . . . . . . . . . . Level 3 . | . . . . . . . . . . . Level 4 . | . . . . . . . . . . . Level 5 . | . . . . . . . . . . . High Security . | . . . . . . . . . . . Max Security . | . . . . . . . . . . . Squads Dispatched 3 | . . . . . 2 1 . . . . Investigation . | . . . . . . . . . . . Extermination . | . . . . . . . . . . . Reinforcement 3 | . . . . . 2 1 . . . . Assault . | . . . . . . . . . . . Garrison . | . . . . . . . . . . . Intercept . | . . . . . . . . . . . Searches Triggered . | . . . . . . . . . . . Construction Impeded . | . . . . . . . . . . . Haulers Reinforced . | . . . . . . . . . . . Active Scanning Responses . | . . . . . . . . . . . Cargo Convoy Interrupts . | . . . . . . . . . . . Stealth | -11 -10 -10 -10 -9 -8 -7 -7 -7 -7 -7 --------- Run | Jun Mat Min Exi Min Mat Fac Low Low Zio Dee Distress Signals 1 | . . . . . 1 . . . . . Communications Jammed . | . . . . . . . . . . . Distress Signals . | . . . . . . . . . . . Times Spotted 50 | . 1 4 . 6 10 11 5 7 . 6 Peak Tracking Total 10 | . 1 2 . 4 9 10 4 4 . 3 Tactical Retreats 7 | . . 1 . 1 2 . 1 2 . . Traps | -11 -10 -10 -10 -9 -8 -7 -7 -7 -7 -7 ------- Run | Jun Mat Min Exi Min Mat Fac Low Low Zio Dee Traps Triggered 1 | . . . . . . 1 . . . . Indirectly . | . . . . . . . . . . . Trap Hack Attempts . | . . . . . . . . . . . Triggered . | . . . . . . . . . . . Disarmed . | . . . . . . . . . . . Reprogrammed . | . . . . . . . . . . . Reused . | . . . . . . . . . . . Traps Extracted . | . . . . . . . . . . . Installed . | . . . . . . . . . . . Triggered 1 | . . . . . . . 1 . . . Most Traps Carried 4 | . . . . 4 4 4 4 4 4 4 Machines | -11 -10 -10 -10 -9 -8 -7 -7 -7 -7 -7 ---------- Run | Jun Mat Min Exi Min Mat Fac Low Low Zio Dee Machines Disabled . | . . . . . . . . . . . Max in Single Turn . | . . . . . . . . . . . Machines Repaired . | . . . . . . . . . . . Machines Sabotaged . | . . . . . . . . . . . Overloaded Fab Kills . | . . . . . . . . . . . Hacking | -11 -10 -10 -10 -9 -8 -7 -7 -7 -7 -7 --------- Run | Jun Mat Min Exi Min Mat Fac Low Low Zio Dee Machines Accessed 4 | . . 1 1 . 1 1 . . . . Terminals 2 | . . . . . 1 1 . . . . Fabricators . | . . . . . . . . . . . Repair Stations . | . . . . . . . . . . . Recycling Units . | . . . . . . . . . . . Scanalyzers . | . . . . . . . . . . . Garrison Access . | . . . . . . . . . . . Total Hacks 7 | . . 1 1 . 2 3 . . . . Successful 3 | . . 1 1 . . 1 . . . . Failed 4 | . . . . . 2 2 . . . . Catastrophic 1 | . . . . . 1 . . . . . Database Lockouts . | . . . . . . . . . . . Manual 7 | . . . 1 . 2 3 . . 1 . Terminals 5 | . . . . . 2 3 . . . . Fabricators . | . . . . . . . . . . . Repair Stations . | . . . . . . . . . . . Recycling Units . | . . . . . . . . . . . Scanalyzers . | . . . . . . . . . . . Garrison Access . | . . . . . . . . . . . Terminal Hacks 3 | . . 1 1 . . 1 . . . . Open Door 1 | . . 1 . . . . . . . . Branch Access Points 1 | . . . . . . 1 . . . . EX-Prototype ID Bank 1 | . . . 1 . . . . . . . Fabricator Hacks . | . . . . . . . . . . . Repair Station Hacks . | . . . . . . . . . . . Recycling Unit Hacks . | . . . . . . . . . . . Scanalyzer . | . . . . . . . . . . . Garrison Access Hacks . | . . . . . . . . . . . Unauthorized Hacks . | . . . . . . . . . . . Terminals . | . . . . . . . . . . . Fabricators . | . . . . . . . . . . . Repair Stations . | . . . . . . . . . . . Recycling Units . | . . . . . . . . . . . Scanalyzers . | . . . . . . . . . . . Garrison Access . | . . . . . . . . . . . Data Cores Recovered . | . . . . . . . . . . . Used . | . . . . . . . . . . . Hacking Detections 2 | . . . . . 1 1 . . . . Full Trace Events . | . . . . . . . . . . . Feedback Events . | . . . . . . . . . . . Feedback Blocked . | . . . . . . . . . . . Robot Schematics Acquired . | . . . . . . . . . . . Robots Built . | . . . . . . . . . . . Authchips . | . . . . . . . . . . . Time . | . . . . . . . . . . . Total Robot Build Rating . | . . . . . . . . . . . Part Schematics Acquired . | . . . . . . . . . . . Parts Built . | . . . . . . . . . . . Authchips . | . . . . . . . . . . . Time . | . . . . . . . . . . . Total Part Build Rating . | . . . . . . . . . . . Parts Repaired . | . . . . . . . . . . . Time . | . . . . . . . . . . . Parts Recycled . | . . . . . . . . . . . Recycled Matter . | . . . . . . . . . . . Retrieved Matter . | . . . . . . . . . . . Retrieved Components . | . . . . . . . . . . . Parts Scanalyzed . | . . . . . . . . . . . Part Schematics Acquired . | . . . . . . . . . . . Parts Damaged . | . . . . . . . . . . . Bothacking | -11 -10 -10 -10 -9 -8 -7 -7 -7 -7 -7 ------------ Run | Jun Mat Min Exi Min Mat Fac Low Low Zio Dee Used RIF Installer . | . . . . . . . . . . . Robots Hacked . | . . . . . . . . . . . Non-combat . | . . . . . . . . . . . Combat . | . . . . . . . . . . . Robot Hacks Applied . | . . . . . . . . . . . Relay Couplers Released . | . . . . . . . . . . . Fabnet Peak Effective % . | . . . . . . . . . . . Robots Rewired . | . . . . . . . . . . . Allies Hacked . | . . . . . . . . . . . Hacks Repelled . | . . . . . . . . . . . Allies | -11 -10 -10 -10 -9 -8 -7 -7 -7 -7 -7 -------- Run | Jun Mat Min Exi Min Mat Fac Low Low Zio Dee Total Allies 2 | . . . . . . . . . 2 . Largest Group 2 | . . . . . . . . . 2 2 Highest-Rated Group 192 | . . . . . . . . . 192 192 Highest-Rated Ally 96 | . . . . . . . . . 96 96 Total Orders . | . . . . . . . . . . . Ally Attacks 46 | . . . . . . . . . . 46 Total Damage 873 | . . . . . . . . . . 873 Kills 8 | . . . . . . . . . . 8 Allies Corrupted . | . . . . . . . . . . . Allies Melted . | . . . . . . . . . . . Intel | -11 -10 -10 -10 -9 -8 -7 -7 -7 -7 -7 ------- Run | Jun Mat Min Exi Min Mat Fac Low Low Zio Dee Robot Analysis Total . | . . . . . . . . . . . Derelict Logs Recovered 2 | . . 1 . 1 . . . . . . Drone Launches . | . . . . . . . . . . . Drone Recoveries . | . . . . . . . . . . . Exploration | -11 -10 -10 -10 -9 -8 -7 -7 -7 -7 -7 ------------- Run | Jun Mat Min Exi Min Mat Fac Low Low Zio Dee Turns Passed 1346 | 16 26 102 90 135 138 130 134 81 300 194 Spaces Moved 2834 | 32 51 216 223 255 301 348 356 230 692 130 Core 183 | 32 51 100 . . . . . . . . Treads . | . . . . . . . . . . . Legs . | . . . . . . . . . . . Wheels . | . . . . . . . . . . . Hover . | . . . . . . . . . . . Flight 2651 | . . 116 223 255 301 348 356 230 692 130 Fastest Speed 34 | 50 50 40 40 37 37 34 34 35 35 35 Average Speed 38 | 50 50 44 40 40 37 34 35 35 37 41 Slowest Speed 117 | 50 50 50 40 117 37 37 100 35 42 42 Overloaded Moves . | . . . . . . . . . . . Propulsion Burnouts . | . . . . . . . . . . . Robots Hopped 7 | . . 3 . 2 . 1 . 1 . . Cave-ins Triggered . | . . . . . . . . . . . Exploration Rate (%) 41 | 3 16 54 60 59 31 15 68 46 80 23 Regions Visited 10 Branch Regions 7 Pre-discovered Areas 2 | . . 1 . 1 . . . . . . Known Exits Taken 1 | . . . . . . 1 . . . . Unknown Exits Taken 9 | 1 1 1 1 1 1 . 1 1 1 . Scrap Searched 10 | . . 1 . 1 . . 5 1 2 . Spaces Dug 9 | . . . . . 3 2 1 . 3 . Terrain Destroyed 30 | . . . . 21 3 2 1 . 3 . Melee 9 | . . . . . 3 2 1 . 3 . Projectile . | . . . . . . . . . . . AOE 21 | . . . . 21 . . . . . . Terrain Rammed . | . . . . . . . . . . . Walls Destroyed . | . . . . . . . . . . . Machines Disabled . | . . . . . . . . . . . Actions | -11 -10 -10 -10 -9 -8 -7 -7 -7 -7 -7 --------- Run | Jun Mat Min Exi Min Mat Fac Low Low Zio Dee Total 3026 | 31 50 217 223 282 312 352 361 229 720 249 Wait 139 | . . . . 13 . . . . 20 106 Move 2811 | 31 50 209 222 250 300 346 355 227 691 130 Hop 7 | . . 3 . 2 . 1 . 1 . . Pick Up 10 | . . 3 1 6 . . . . . . Fast Attach 12 | . . 1 . 3 2 2 1 . 1 2 Attach 4 | . . . . 1 . . 2 . 1 . Detach 3 | . . . . . . . 1 1 1 . Swap 1 | . . . . 1 . . . . . . Drop 8 | . . 1 . 4 2 1 . . . . Fire 2 | . . . . 2 . . . . . . Melee 29 | . . . . . 8 2 2 . 6 11 Ram . | . . . . . . . . . . . Kick . | . . . . . . . . . . . Crush . | . . . . . . . . . . . Escape Stasis . | . . . . . . . . . . . Rewire . | . . . . . . . . . . . Trap . | . . . . . . . . . . . Miscellaneous . | . . . . . . . . . . . Route ------- -11/Junkyard -10/Materials -10/Mines (discovered 2 exits: [*Mat] / *Exi) -10/Exiles -9/Mines -8/Materials -7/Factory (discovered 2 exits: *Low x2) -7/Lower Caves -7/Lower Caves -7/Zion (discovered 2 exits: [*Dee] / [*Pro]) -7/Deep Caves History --------- Turn | Location | Event 4 | -11/Junkyard | Discovered new exit (range 15) 17 | -11/Junkyard | Entered Materials 38 | -10/Materials | Discovered new exit (range 8) 43 | -10/Materials | Entered Mines 56 | -10/Mines | Received a Rocket Launcher from a helpful Derelict 65 | -10/Mines | Deemed a non-threat by the Exiles lab entrance 65 | -10/Mines | Discovered new exit (range 5) 83 | -10/Mines | Discovered new exit (range 16) 103 | -10/Mines | Met a Derelict who couldn't figure out how to use a Trap Extractor 145 | -10/Mines | Entered Exiles 155 | -10/Exiles | Met 8R-AWN 162 | -10/Exiles | Met EX-HEX 173 | -10/Exiles | Met EX-BIN 179 | -10/Exiles | Aligned with FarCom system 179 | -10/Exiles | Given EX-Vault access code 188 | -10/Exiles | Opened EX-Vault 191 | -10/Exiles | Found Skeleton Box 200 | -10/Exiles | Warned to stay clear of 0b10 Research branches 213 | -10/Exiles | Met EX-DEC 230 | -10/Exiles | Discovered new exit (range 15) 235 | -10/Exiles | Left Exiles lab with Skeleton Box 235 | -10/Exiles | Entered Mines 247 | -9/Mines | Met a Derelict bent on vengeance 315 | -9/Mines | Build established: Mutant 316 | -9/Mines | Found a hidden stash of uninstalled traps 361 | -9/Mines | Learned location of Storage (-9) 367 | -9/Mines | Discovered new exit (range 8) 370 | -9/Mines | Entered Materials 370 | -8/Materials | Evolved 4 slots: Power x1, Utility x3 503 | -8/Materials | Discovered new exit (range 14) 508 | -8/Materials | Entered Factory 508 | -7/Factory | Evolved 2 slots: Utility x2 543 | -7/Factory | Identified exit to Lower Caves 638 | -7/Factory | Entered Lower Caves 691 | -7/Lower Caves | Attracted the attention of an 0b10 checkpoint 699 | -7/Lower Caves | Spotted B-75 Beast 731 | -7/Lower Caves | Lost 3 parts (1n2u) 759 | -7/Lower Caves | Discovered new exit (range 11) 772 | -7/Lower Caves | Entered another Lower Caves area 852 | -7/Lower Caves | Discovered new exit (range 3) 853 | -7/Lower Caves | Entered Zion 868 | -7/Zion | Discovered new exit (range 10) 871 | -7/Zion | Given the Hacking Drone Bay 971 | -7/Zion | Discovered new exit (range 4) 1015 | -7/Zion | Given A8's code to call for help 1041 | -7/Zion | Loaded intel: 5 derelict terminal locations 1134 | -7/Zion | Saw the warning signs outside the Deep Caves entrance 1135 | -7/Zion | Enhanced Grunt warped into view, answering call for help 1139 | -7/Zion | Enhanced Grunt warped into view, answering call for help 1153 | -7/Zion | Entered Deep Caves 1153 | -7/Deep Caves | Accompanied by 2 allies 1300 | -7/Deep Caves | Attacked by Z-Imprinter 1315 | -7/Deep Caves | Core integrity fell below 50% 1328 | -7/Deep Caves | Core integrity fell below 20% 1341 | -7/Deep Caves | Found Prototype Protection 1341 | -7/Deep Caves | Identified Zio. Weapon Casing 1347 | -7/Deep Caves | Destroyed by Z-Imprinter with Zionite Laser-M Last Messages --------------- 01315_ Z-Imprinter system corrupted by crushing effect. 01321_ 4Q-NDZ(z) destroyed. 01326_ Z-Imprinter knocked back. 01328_ Enhanced Grunt destroyed. 01332_ Destroyed Prototype Hover Unit. 01332_ Z-Imprinter system corrupted by crushing effect. 01332_ Z-Imprinter knocked back. 01338_ Enhanced Grunt heat damages Prototype Energy Cannon, Adv. Particle Charger, Lyr. Medium Armor Plating, Adv. Heat Sink. 01338_ Z-Imprinter suffers critical hit (Smash). 01338_ Destroyed Prototype Hover Unit. 01338_ Destroyed Prototype Protection. 01338_ Z-Imprinter system corrupted by crushing effect. 01340_ Enhanced Grunt destroyed. 01340_ Powered Hammer destroyed. 01341_ Acquired Prototype Protection. 01341_ Identified Zio. Weapon Casing. 01343_ Acquired Prototype Protection. 01343_ Identified Zio. Light Carapace. 01345_ Zio. Light Carapace destroyed. Map ----- +----------------------------------------------------+ | | | | | | | | | | | | | ?????????????????????????????????????????????????? | | ????????????????????????????????????????????????## | | ????????????????????????????????????????????#### # | | ???????????????????????????????????????????## | | ????????????????? ???????######???????????## ? | | ??????????????# # ??##### ##????????### ?? | | ???????????? ###;; #???????## #?? | | ????????? #???????# #?? | | ??????? ????????# ##? | | ????? #????????# #? | | ?????? #?????????# #? | | ?????"" #######????# ## | | ?????"" ##;#;###### # | | ?????"" ! | | ????""" z! | | ????? | | ?????"" I## | | ?????"" !=! ;;; # ## | | ????""" !%= ;; ## #### | | ????""" !]! @ ; ##### ##??# | | ???" " =%! ;##???#####???## | | ??"%/%! !*= #?????????????# | | ?" = #?????????????# | | ??"%* #?????????##### | | ??"= ##????????## ###### | | ???"" = #????????## ##??? | | ????"""%* #???????# ##?? | | ????? #??????## ##? | | ????"" ##?????## ## | | ?????"" ##?????## | | ??????"" #?????## | | ???????" ?????# | | ???????" ????# ## | | ????????? #???## ##### | | ???????????? #?????## #??# | | ?????????????? ?????????## #?## | | ???????????????????? ????????????## ### | | ???????????????????????????????????????## | | ????????????????????????????????????????# #### | | ????????????????????????????????????????# #??#### | | ????????????????????????????????????????# #?????? | | ????????????????????????????????????????? ?????? | | ????????????????????????????????????????? ?????? | | ????????????????????????????????????????? #?????? | +----------------------------------------------------+ Best States ------------- Heat Dissipation 34 Energy Generation 5 Energy Capacity 100 Matter Stores 300 Matter Capacity 300 Sight Range 16 Terrain Scan Density 10 Evasion (%) 63 Defensive Hacking 10 Trap Extractor Capacity 6 Item Schematics ----------------- None Robot Schematics ------------------ None Fabricated ------------ Nothing Alien Tech Used ----------------- None Achievements -------------- None Challenges ------------ None Game ------ Seed ElectronSniperBay Manual? 0 Play Time 00:19:43 Cumulative 230.0 hours Start 2023.05.20 @ 22:55:31 End 2023.05.20 @ 23:13:10 Sessions 1 Manual Loads 0 Difficulty Rogue Special Mode None Game No. 699 Rogue 699 Adventurer 0 Explorer 0 Win Type - Total 10 Types 8/0/1/1/0/0/0/0/0 Lore% 83 Gallery% 82 Achievement% 72 Wizard Run 0 Options --------- ASCII 0 Keyboard 0 Movement Mouse Keybinds 0 Fullscreen 1 Font 16/SmallcapsGlow Map View 75x55 Tactical HUD 1 Map Filters NONE Filters NONE Steam 1 RUN: 7dc67310-a7d9-44ea-a345-3f41d725f090